Map: Ever Dream LE

Players

Mackintac

  • Race: Zerg Zerg
  • League: Grandmaster
  • Spawn Location: 1:00

Robbie (Rob) - Winner!

  • Race: Protoss Protoss
  • League: Grandmaster
  • Spawn Location: 7:00

Event: The Miserable Cup

VOD

Have the link to the VOD?

Description

Time

  • Played on: June 18, 2020, 12:48 p.m.
  • Length: 9:20

All games in this series

Show
View Real Time Build Order
Export as new Build Order

Mackintac Zerg 

Build Orders: Hatch First 

Get SALT Encoding   

  12  0:00  Drone  
  13  0:12  Overlord  
  13  0:17  Drone  
  14  0:35  Drone x2  
  16  0:50  Hatchery  
  16  0:53  Drone  
  16  0:56  Drone  
  17  1:01  Drone  
  18  1:10  Extractor  
  17  1:15  Spawning Pool  
  17  1:17  Drone  
  17  1:20  Drone  
  19  1:32  Drone  
  19  1:40  Drone  
  20  1:57  Overlord  
  20  2:03  Queen x2  
  20  2:04  Zergling x2  
  20  2:06  Drone  
  26  2:15  Metabolic Boost  
  26  2:17  Drone x2  
  28  2:31  Hatchery  
  28  2:34  Drone  
  28  2:35  Drone  
  29  2:38  Drone  
  30  2:45  Zergling x4  
  30  2:47  Drone  
  33  2:56  Overlord  
  33  2:58  Drone  
  34  3:05  Overlord  
  34  3:07  Drone  
  35  3:15  Drone x2  
  35  3:16  Drone  
  35  3:19  Overlord  
  38  3:20  Overlord  
  38  3:30  Drone  
  39  3:34  Drone x3  
  39  3:35  Roach Warren  
  39  3:36  Queen  
  39  3:40  Drone  
  44  3:43  Extractor  
  44  3:44  Queen  
  44  3:45  Drone x2, Extractor  
  46  3:53  Drone x2  
  46  3:55  Drone x3  
  50  4:05  Drone x3  
  53  4:16  Overlord  
  52  4:19  Roach x2  
  52  4:23  Roach  
  58  4:30  Roach x4  
  65  4:36  Overlord  
  65  4:39  Zergling x4, Roach x2  
  65  4:40  Roach  
  65  4:44  Overlord  
  73  4:54  Queen  
  73  4:55  Roach x3  
  73  4:56  Zergling x4  
  81  5:00  Spore Crawler  
  77  5:10  Queen  
  77  5:11  Zergling x4  
  77  5:12  Zergling x10, Roach  
  82  5:28  Drone x5  
  81  5:34  Roach x2  
  75  5:52  Roach  
  75  5:53  Drone x8  
  83  6:05  Drone x4  
  83  6:06  Drone x2  
  89  6:15  Overlord  
  89  6:16  Lair  
  89  6:17  Drone  
  88  6:39  Drone x2  
  89  6:40  Drone x6  
  89  6:43  Drone x3, Extractor  
  96  6:54  Queen  
  96  6:55  Hatchery  
  96  7:00  Drone  
  98  7:02  Overlord x2  
  98  7:03  Baneling Nest  
  98  7:06  Overlord  
  97  7:09  Overlord  
  97  7:11  Drone  
  98  7:19  Overlord  
  98  7:22  Hydralisk Den, Drone x5  
  102  7:23  Drone x2  
  102  7:24  Drone  
  102  7:29  Evolution Chamber  
  104  7:32  Evolution Chamber  
  104  7:33  Drone  
  104  7:40  Overseer  
  104  7:41  Pneumatized Carapace  
  104  7:43  Queen  
  106  7:56  Overlord, Grooved Spines  
  106  7:59  Extractor  
  106  8:00  Hydralisk x7, Extractor  
  118  8:15  Queen  
  118  8:16  Drone x5  
  118  8:17  Overlord, Drone, Hydralisk  
  128  8:22  Ravager x8  
  128  8:23  Zergling x2  
  137  8:29  Zergling x12  
  143  8:39  Zergling x14  
  134  8:49  Zergling x2  
  134  8:50  Zergling x10  
  119  9:02  Zergling x2  
Show
View Real Time Build Order
Export as new Build Order

Robbie Protoss - Winner!

Build Orders: 1 Gate Expand, Archon Immortal, Mass Adepts 

Get SALT Encoding   

  12  0:00  Probe  
  13  0:13  Probe  
  14  0:18  Pylon  
  14  0:24  Probe  
  15  0:32  Probe  
  15  0:38  Gateway  
  15  0:40  Probe  
  17  0:50  Assimilator  
  17  0:51  Probe  
  18  1:03  Probe  
  19  1:15  Probe  
  20  1:23  Nexus  
  20  1:32  Probe  
  20  1:33  Cybernetics Core  
  21  1:40  Probe  
  21  1:42  Assimilator  
  22  1:51  Pylon  
  22  1:52  Probe  
  23  1:59  Adept  
  23  2:09  Probe  
  23  2:10  Warp Gate  
  26  2:21  Probe, Twilight Council  
  27  2:31  Stalker  
  27  2:32  Probe  
  27  2:33  Probe  
  31  2:40  Probe  
  31  2:46  Probe  
  31  2:50  Probe  
  33  2:54  Robotics Facility  
  33  2:58  Probe, Resonating Glaives  
  35  3:02  Probe  
  36  3:09  Gateway  
  36  3:15  Probe x2  
  38  3:28  Adept  
  38  3:32  Gateway, Warp Prism  
  38  3:33  Gateway  
  40  3:38  Pylon  
  40  3:44  Probe  
  40  3:45  Probe  
  44  3:59  Pylon  
  44  4:04  Probe  
  44  4:06  Probe  
  44  4:07  Adept x2  
  50  4:16  Nexus  
  50  4:22  Pylon  
  50  4:29  Adept x3  
  50  4:30  Adept  
  58  4:39  Probe x2  
  58  4:40  Pylon  
  58  4:45  Pylon  
  60  4:55  Adept x4  
  68  5:06  Probe, Immortal  
  67  5:26  Probe  
  67  5:27  Probe  
  67  5:30  Assimilator  
  67  5:33  Assimilator  
  67  5:37  Probe  
  67  5:39  Probe  
  67  5:40  Robotics Facility  
  69  5:43  Forge  
  69  5:44  Immortal  
  57  5:50  Protoss Ground Weapons Level 1  
  57  5:54  Probe x2  
  63  6:03  Probe  
  64  6:06  Probe x2  
  64  6:09  Sentry x3  
  64  6:10  Zealot  
  74  6:14  Shield Battery  
  74  6:15  Pylon, Probe, Immortal, Shield Battery  
  74  6:18  Probe x2  
  75  6:28  Immortal  
  75  6:30  Probe  
  80  6:38  Probe x2  
  82  6:42  Probe  
  83  6:47  Immortal  
  83  6:50  Probe x2  
  83  6:52  Stalker, Charge  
  87  6:54  Probe  
  87  6:56  Pylon, Assimilator  
  87  7:00  Assimilator  
  92  7:02  Probe  
  92  7:03  Probe  
  92  7:06  Pylon, Probe  
  95  7:11  Warp Prism  
  95  7:14  Probe  
  98  7:16  Probe  
  98  7:21  Gateway x2  
  99  7:23  Probe  
  99  7:28  Pylon  
  99  7:29  Observer  
  101  7:39  Zealot, Sentry  
  101  7:40  Zealot x2  
  101  7:43  Templar Archives  
  109  7:45  Gateway  
  109  7:46  Gateway  
  109  7:53  Gateway  
  109  7:55  Gateway  
  109  7:56  Pylon  
  109  8:02  Photon Cannon  
  109  8:07  Zealot x2  
  109  8:08  Zealot x2  
  109  8:12  Pylon  
  117  8:17  Photon Cannon  
  117  8:32  High Templar x4  
  117  8:33  Zealot x2  
  129  8:36  Archon  
  129  8:38  Archon  
  125  8:51  Zealot  
  125  8:52  Zealot x3  
  123  9:04  Zealot x2  
  123  9:05  Zealot x4  
Tags
 
Add a new tag
Caveats
  • Supply blocks, unpowered buildings, or Contaminate may cause inaccurate times.
  • Supply counts are checked every 10 seconds.